[Event "*** Titled Tuesday Blitz"]
[Site "Chess.com"]
[Date "2021.04.20"]
[Round "4"]
[White "Kislov_Oleg"]
[Black "GregShahade"]
[Result "0-1"]
[WhiteElo "2506"]
[BlackElo "2709"]
[TimeControl "180+1"]
[EndTime "10:36:57 PDT"]
[Termination "GregShahade won by checkmate"]

1. e4 e5 2. Nf3 Nc6 3. d4 exd4 4.
Nxd4 Nf6 5. Nc3 Bb4 6. Nxc6 bxc6 7.
Bd3 d5 8. exd5 O-O 9. O-O Bg4 10. f3 Bh5 11. Bg5 Qd6 12. Ne4 Nxe4 13. Bxe4 f5 14. Bd3 cxd5 15. Be3 Rae8 16. Bf2 Bc5 17. Qd2 f4 18.
Rad1 Be3 19. Qa5 c6 20. c4 Re5 21. cxd5 cxd5 22. Bc4 dxc4 23. Qa4 Qc5 24. Qd7 Rfe8 25. Bxe3 fxe3 26. Rde1 Bf7 27. Re2 c3 28. Rfe1 cxb2 29. Rxb2 e2+ 30. Kh1 Qf2 31. Rbb1 Rd5 32. Qa4 Rg5 33.
Rg1 e1=Q 34. Rbxe1 Qxg2+ 35. Rxg2 Rxe1+ 36. Rg1 Rexg1# 0-1

[Event "*** Titled Tuesday Blitz"]
[Site "Chess.com"]
[Date "2021.04.20"]
[Round "4"]
[White "Zmof"]
[Black "akanga001"]
[Result "1-0"]
[WhiteElo "2231"]
[BlackElo "2001"]
[TimeControl "180+1"]
[EndTime "10:36:57 PDT"]
[Termination "Zmof won by resignation"]

1. e4 c6 2. d4 d5 3. Nc3 dxe4 4. Nxe4 Nf6 5. Nxf6+ gxf6 6. Nf3 Bg4 7. Be2 Na6 8. O-O Nc7 9. c4 Qd6 10. Be3 e6 11. h3 Bh5 12. Qd2 O-O-O 13. Rfd1 Qb4 14. Qc2 Bg6 15. Bd3 Bxd3 16. Rxd3 Rg8 17. a3 Qd6 18. b4 f5 19. Ne5 Qe7 20. b5 f6 21. Nf3 e5 22. dxe5 fxe5 23. Rxd8+ Kxd8 24. Rd1+ Ke8 25. Qxf5 e4 26. Qc8+ Kf7 27. Rd7 Bg7 28. Rxe7+ Kxe7 29. Qxg8 1-0

[Event "*** Titled Tuesday Blitz"]
[Site "Chess.com"]
[Date "2021.04.20"]
[Round "4"]
[White "amintabatabaei"]
[Black "Abund"]
[Result "1-0"]
[WhiteElo "2988"]
[BlackElo "2734"]
[TimeControl "180+1"]
[EndTime "10:36:58 PDT"]
[Termination "amintabatabaei won by resignation"]

1. e4 c5 2. Nc3 d6 3. f4 g6 4. Nf3 Bg7 5. Bb5+ Bd7 6. Bc4 Nc6 7. O-O e6 8. f5 exf5 9. d3 Be6 10. exf5 gxf5 11.
Ng5 d5 12. Nxe6 fxe6 13. Qh5+ Kd7 14. Bxd5 Bd4+ 15. Kh1 exd5 16. Qxf5+ Kc7 17. Nxd5+ Kd6 18. Bf4+ Be5 19. Rae1 Nh6 20. Bxe5+ Nxe5 21. Qxe5+ Kc6 22. Rf6+ Kb5 23. Nc3+ Ka5 24. Qxc5+ 1-0

[Event "*** Titled Tuesday Blitz"]
[Site "Chess.com"]
[Date "2021.04.20"]
[Round "4"]
[White "secretsuperstar7"]
[Black "Ermito2020"]
[Result "0-1"]
[WhiteElo "2248"]
[BlackElo "2603"]
[TimeControl "180+1"]
[EndTime "10:36:58 PDT"]
[Termination "Ermito2020 won on time"]

1. d4 d5 2. c4 e6 3. Nc3 c6 4. e3 Nf6 5. Nf3 Nbd7 6. Bd3 dxc4 7. Bxc4 b5 8. Be2 Bb7 9. O-O a6 10. e4 b4 11. e5 bxc3 12. exf6 Nxf6 13. bxc3 c5 14.
Ne5 Bd6 15. Qa4+ Kf8 16. Bg5 cxd4 17. cxd4 h6 18. Bh4 g5 19. Bg3 Kg7 20. Rfd1 Ne4 21.
Rac1 Rc8 22. Nc4 Bxg3 23. hxg3 Bd5 24. Bd3 h5 25. Bxe4 Bxe4 26. Ne5 h4 27. d5 Rxc1 28.
Rxc1 Qxd5 29. Nf3 Bxf3 30. gxf3 hxg3 31. Rd1 Qxf3 0-1

[Event "*** Titled Tuesday Blitz"]
[Site "Chess.com"]
[Date "2021.04.20"]
[Round "4"]
[White "Matensien"]
[Black "Grandmaster2B"]
[Result "0-1"]
[WhiteElo "2374"]
[BlackElo "2559"]
[TimeControl "180+1"]
[EndTime "10:36:58 PDT"]
[Termination "Grandmaster2B won on time"]

1. d4 Nf6 2. c4 e6 3. Nc3 Bb4 4. Qc2 Nc6 5. Nf3 d6 6. Bd2 e5 7.
dxe5 dxe5 8. a3 Bxc3 9. Bxc3 Qe7 10. b4 Bg4 11. e3 e4 12. Nd4 Ne5 13. h3 Bd7 14. Be2 O-O 15. O-O b6 16. Rad1 c5 17. Nb3 Bf5 18. bxc5 bxc5 19. Na5 Nd3 20. Rb1 Qc7 21. Rb7 Qd6 22. Rfb1 Nd7 23. Ba1 Nb6 24. Qc3 f6 25. Nb3 Bc8 26. Bxd3 exd3 27. Rxb6 axb6 28. Rd1 Rxa3 29. Rxd3 Qe7 30. Qb2 Ra4 31. Nd2 Rb4 32. Qa3 Bf5 33. Rd5 Be6 34. Rd3 Bxc4 35. Nxc4 Rxc4 36. Qb3 Qf7 37. Rd1 Rb4 38. Qa3 Qb3 39. Qc1 Rc4 40. Qd2 Rc2 41. Qd7 Qf7 0-1

[Event "*** Titled Tuesday Blitz"]
[Site "Chess.com"]
[Date "2021.04.20"]
[Round "4"]
[White "ZeZacarias"]
[Black "AttractiveMustard"]
[Result "1-0"]
[WhiteElo "2160"]
[BlackElo "2378"]
[TimeControl "180+1"]
[EndTime "10:37:01 PDT"]
[Termination "ZeZacarias won by resignation"]

1. d4 Nf6 2. c4 g6 3. Nc3 Bg7 4. e4 d6 5. Nf3 O-O 6. h3 e5 7. d5 a5 8. Be3 Na6 9. g4 Nc5 10. Nd2 h5 11. Be2 hxg4 12. hxg4 Nxg4 13. Bxg4 Nd3+ 14. Kf1 Nxb2 15. Qf3 f5 16. exf5 gxf5 17. Qh3 fxg4 18. Qh7+ Kf7 19. Qh5+ Kg8 20. Bg5 Qd7 21.
Qh7+ Kf7 22. Rh6 Ke8 23. Re6+ Kf7 24. Bh6 Rg8 25. Qf5+ 1-0

[Event "*** Titled Tuesday Blitz"]
[Site "Chess.com"]
[Date "2021.04.20"]
[Round "4"]
[White "AniJak"]
[Black "HouseOfDurin"]
[Result "0-1"]
[WhiteElo "2271"]
[BlackElo "2130"]
[TimeControl "180+1"]
[EndTime "10:37:01 PDT"]
[Termination "HouseOfDurin won by resignation"]

1. e4 c5 2. Nf3 Nc6 3. d4 cxd4 4. Nxd4 a6 5. c4 e5 6. Nf5 d6 7. Nc3 Bxf5 8. exf5 Nf6 9. Be2 Be7 10. Be3 O-O 11.
O-O Qd7 12. Nd5 Nxd5 13. cxd5 Nd4 14. Bxd4 exd4 15. Qxd4 Bf6 16. Qb4 Qxf5 17. Qxb7 Rab8 18. Qxa6 Rxb2 19. Bf3 g5 20. Qc4 Rc8 21. Qg4 Qxg4 22. Bxg4 Rcc2 23. a4 Rb4 24. Bf5 Rc5 25. Rac1 Rxa4 26.
Rxc5 dxc5 27. d6 Rd4 28. d7 c4 29. g4 c3 30. Rc1 Kf8 31. Kg2 Rd5 32. Rxc3 Bxc3 0-1

[Event "*** Titled Tuesday Blitz"]
[Site "Chess.com"]
[Date "2021.04.20"]
[Round "4"]
[White "ChessQueen"]
[Black "BashirliSaadat"]
[Result "1-0"]
[WhiteElo "2693"]
[BlackElo "2185"]
[TimeControl "180+1"]
[EndTime "10:37:02 PDT"]
[Termination "ChessQueen won by checkmate"]

1. e4 c5 2. c3 Nf6 3. e5 Nd5 4. d4 cxd4 5. Nf3 Nc6 6. cxd4 g6 7. Bc4 Nb6 8. Bb3 d6 9. Ng5 e6 10. Qf3 Qc7 11. Be3 dxe5 12. Qf6 Rg8 13. Nxh7 Bg7 14. Qh4 exd4 15. Bf4 Qe7 16. Bg5 Qb4+ 17. Nd2 Ne5 18. O-O Bd7 19. Ne4 Rh8 20. Nef6+ Kd8 21. Nd5+ Kc8 22.
Nxb4 a5 23. Bf6 Bxf6 24. Qxf6 Rxh7 25. Qxe5 Rh5 26. Rac1+ Kd8 27. Qxd4 axb4 28. Qxb6+ Ke7 29. Rc7 Rd8 30. Qxb4+ Ke8 31. Rd1 Re5 32. h4 Rh5 33.
Rdxd7 Rxd7 34. Ba4 b5 35. Bxb5 Rxb5 36. Qxb5 Kf8 37.
Qxd7 Kg7 38. Qxf7+ Kh6 39. Qh7# 1-0

[Event "*** Titled Tuesday Blitz"]
[Site "Chess.com"]
[Date "2021.04.20"]
[Round "4"]
[White "Komiagina_Maria"]
[Black "enriquebutti"]
[Result "1-0"]
[WhiteElo "2242"]
[BlackElo "2055"]
[TimeControl "180+1"]
[EndTime "10:37:03 PDT"]
[Termination "Komiagina_Maria won by resignation"]

1. e4 c5 2. Nf3 d6 3. d4 cxd4 4. Nxd4 Nf6 5. Nc3 a6 6. h3 e6 7. g4 h6 8. Bg2 g5 9. Be3 Nbd7 10. Qe2 Ne5 11. O-O-O Bd7 12. f4 gxf4 13. Bxf4 Rc8 14.
Rhf1 Rxc3 15. bxc3 Qa5 16. Bxe5 Qxe5 17. Qc4 Be7 18. Qc7 Qc5 19. Qxc5 dxc5 20. e5 cxd4 21. exf6 Ba3+ 22. Kd2 Bb5 23. cxd4 Bxf1 24. Rxf1 b6 25. Rb1 b5 26. Bb7 O-O 27. Bxa6 b4 28. Bc4 Rd8 29. Ke3 1-0

[Event "*** Titled Tuesday Blitz"]
[Site "Chess.com"]
[Date "2021.04.20"]
[Round "4"]
[White "DanielTitichoca"]
[Black "Triumphmate"]
[Result "1-0"]
[WhiteElo "2284"]
[BlackElo "2426"]
[TimeControl "180+1"]
[EndTime "10:37:04 PDT"]
[Termination "DanielTitichoca won on time"]

1. e4 d5 2. exd5 Nf6 3. d4 Bg4 4. Be2 Bxe2 5. Nxe2 Qxd5 6. O-O Nc6 7. Nbc3 Qh5 8. Nf4 Qh4 9. g3 Qg4 10. Qxg4 Nxg4 11. d5 Nd4 12. Be3 Nxc2 13. Rac1 Ncxe3 14. fxe3 g5 15. Nd3 Bg7 16. Nb5 O-O 17. Rfe1 Rad8 18.
e4 a6 19. Nxc7 Bd4+ 20. Kg2 f5 21. Ne6 Ne3+ 22. Kf3 g4+ 23. Ke2 fxe4 24. Ndf4 1-0

[Event "*** Titled Tuesday Blitz"]
[Site "Chess.com"]
[Date "2021.04.20"]
[Round "4"]
[White "DarZay"]
[Black "Jospem"]
[Result "0-1"]
[WhiteElo "2191"]
[BlackElo "2962"]
[TimeControl "180+1"]
[EndTime "10:37:04 PDT"]
[Termination "Jospem won by resignation"]

1. e4 c5 2. Nc3 d6 3. f4 a6 4. a4 e6 5. Nf3 Nf6 6. d4 cxd4 7. Nxd4 Be7 8. Be3 O-O 9. Be2 Nc6 10. O-O Bd7 11. Bf3 Qc7 12. Nce2 e5 13. Nf5 Bxf5 14. exf5 e4 15. Bh5 Nxh5 16. g4 Nf6 17. g5 Ng4 18. Bd2 Qb6+ 19. Kg2 Ne3+ 20. Bxe3 Qxe3 21. Nc3 Bd8 22. Nd5 Qc5 23. f6 g6 24. c3 Re8 25. b4 Qc4 26. Ne3 Qe6 27.
Qe1 Bxf6 28. gxf6 Qxf6 29. Ng4 Qd8 30. f5 Ne5 31. Qg3 Nxg4 32. Qxg4 Re5 33. Rad1 Qd7 34. Qg3 Rae8 35. f6 e3 36. h4 e2 37. Qf4 exf1=Q+ 38. Kxf1 Rf5 0-1

[Event "*** Titled Tuesday Blitz"]
[Site "Chess.com"]
[Date "2021.04.20"]
[Round "4"]
[White "Msb2"]
[Black "attack2mateU"]
[Result "1-0"]
[WhiteElo "2911"]
[BlackElo "2705"]
[TimeControl "180+1"]
[EndTime "10:37:06 PDT"]
[Termination "Msb2 won by resignation"]

1. d4 Nf6 2. c4 g6 3. Nc3 d5 4. Nf3 Bg7 5. h3 O-O 6. cxd5 Nxd5 7. e4 Nxc3 8. bxc3 c5 9. Be2 Nc6 10. Be3 cxd4 11. cxd4 Qa5+ 12. Bd2 Qa3 13. d5 Nd4 14.
Nxd4 Bxd4 15. Rb1 Qxa2 16. O-O Bg7 17. Bb4 Bd7 18. Bxe7 Ba4 19. Qe1 Rfc8 20. Bg4 Rc2 21. Rxb7 h5 22. Bd1 Rc1 23. Qe2 Qa1 24. Bxa4 Rxf1+ 25. Qxf1 Qxa4 26. Qd3 Be5 27. d6 Rc8 28. Rb1 Qd7 29.
Qd5 Bf4 30. g3 Bxg3 31. fxg3 Qxh3 32. Qd3 Qd7 33. Rf1 Re8 34. Qd5 Rxe7 35. dxe7 Qxe7 36. e5 Kg7 37. Qd6 1-0

[Event "*** Titled Tuesday Blitz"]
[Site "Chess.com"]
[Date "2021.04.20"]
[Round "4"]
[White "DeTimmerman"]
[Black "Kretov_Evgenij"]
[Result "1/2-1/2"]
[WhiteElo "2819"]
[BlackElo "2652"]
[TimeControl "180+1"]
[EndTime "10:37:10 PDT"]
[Termination "Game drawn by agreement"]

1. b4 Nf6 2. Bb2 e6 3. b5 a6 4.
a4 axb5 5. axb5 Rxa1 6. Bxa1 Bb4 7. e3 O-O 8. Nf3 d6 9. Be2 e5 10. O-O h6 11. c3 Ba5 12. c4 e4 13. Nd4 Nbd7 14. d3 exd3 15. Bxd3 Ne5 16. Be2 Ne4 17. Qc2 Nc5 18. Nc3 Bg4 19. f3 Bd7 20. e4 Bb6 21. Nd5 Ba7 22. Kh1 c6 23. Ne3 Ne6 24. Ndf5 Nf4 25.
Nxd6 Bxe3 26. Bxe5 Qg5 27. Bxf4 Bxf4 28. Nf5 Bxf5 29.
exf5 Qh4 30. g3 Bxg3 31. Bd3 Be5 32. Be4 cxb5 33. cxb5 b6 34. Qf2 Qf4 35. Qg3 Qxg3 36.
hxg3 Bxg3 37. Rd1 Rc8 38. Bc6 Kf8 39. Kg2 Be5 40. Rd7 Rc7 41. Rxc7 Bxc7 42. Be4 Ke7 43.
Kh3 Kf6 44. Kg4 g6 45. fxg6 fxg6 46. Bd3 h5+ 47. Kh3 g5 48. Be4 Ke5 49. Bg6 h4 50.
Kg2 Kf4 51. Bh5 Ke3 52. Bg4 Bf4 53. Bh5 Ke2 54. Bg4 Kd3 55. Bd7 Kc4 56. Bc6 1/2-1/2

[Event "*** Titled Tuesday Blitz"]
[Site "Chess.com"]
[Date "2021.04.20"]
[Round "4"]
[White "c_r_e_e_p_e_r"]
[Black "elm2007"]
[Result "0-1"]
[WhiteElo "2358"]
[BlackElo "2788"]
[TimeControl "180+1"]
[EndTime "10:37:10 PDT"]
[Termination "elm2007 won by resignation"]

1. e4 c5 2. Nf3 Nc6 3. Bb5 g6 4. O-O Bg7 5. Re1 Nf6 6. e5 Nd5 7.
Nc3 Nc7 8. Bxc6 dxc6 9. Ne4 Ne6 10. d3 b6 11. Be3 O-O 12. Qd2 Re8 13. Bh6 Bh8 14. h4 Nd4 15. Nxd4 Qxd4 16. Ng5 Qxh4 17. Nf3 Qh5 18. Re4 Bg4 19. Nh2 Be6 20. Nf3 Bd5 21. Rh4 Qf5 22. Rf4 Qd7 23. Re1 Bxf3 24. Rxf3 Qe6 25.
Qf4 Rad8 26. c3 Rd5 27. d4 cxd4 28. cxd4 Red8 29. Re4 c5 30. dxc5 Bxe5 31. Rxe5 Rxe5 32. cxb6 Rd1+ 33. Kh2 Rh5+ 34. Kg3 Rd8 35. b7 Rb5 36.
Qc7 Qd6+ 37. Qxd6 exd6 38. Rb3 Rxb3+ 39. axb3 Rb8 40. Bf4 Rxb7 41. Bxd6 Rxb3+ 42. f3 Rxb2 43. Be5 Rb3 44. Bd4 a5 45. Bc5 a4 46. Kf4 a3 47. Ke5 a2 48. Bd4 Rb5+ 49. Kf6 Rb4 50. Be5 Rb1 51. Kg5 Rb5 52. Kf4 Rxe5 53. Kxe5 a1=Q+ 0-1

[Event "*** Titled Tuesday Blitz"]
[Site "Chess.com"]
[Date "2021.04.20"]
[Round "4"]
[White "Hikaru"]
[Black "Durarbayli"]
[Result "1-0"]
[WhiteElo "3164"]
[BlackElo "2748"]
[TimeControl "180+1"]
[EndTime "10:37:11 PDT"]
[Termination "Hikaru won by resignation"]

1. e4 e5 2. Nf3 Nc6 3. d4 exd4 4. Nxd4 Bc5 5. Be3 Qf6 6. Nxc6 Bxe3 7. fxe3 dxc6 8.
Qd4 c5 9. Qxc5 Qxb2 10. Bb5+ c6 11. Bxc6+ bxc6 12. Qxc6+ Ke7 13. Qxa8 Qxa1 14. Qxa7+ Bd7 15.
Qc5+ Ke8 16. O-O Qxa2 17. Qe5+ Ne7 18. Nc3 Qe6 19. Qb8+ Nc8 20. Nd5 Qd6 21. Qb3 Be6 22.
Qc3 f6 23. Nc7+ Kf7 24. e5 Qd7 25. exf6 g6 26. Nxe6 Kxe6 27. f7 Rf8 28. Qf6+ 1-0

[Event "*** Titled Tuesday Blitz"]
[Site "Chess.com"]
[Date "2021.04.20"]
[Round "4"]
[White "AryanTari"]
[Black "juancruzarias"]
[Result "1/2-1/2"]
[WhiteElo "2881"]
[BlackElo "2571"]
[TimeControl "180+1"]
[EndTime "10:37:12 PDT"]
[Termination "Game drawn by repetition"]

1. c4 e5 2. g3 d6 3. Bg2 c6 4. Nc3 Be6 5. b3 Nd7 6. d4 Ngf6 7. Nf3 Be7 8. O-O h6 9. Bb2 O-O 10. Qc2 Bg4 11. Rad1 Qc7 12. Nh4 exd4 13. Rxd4 Rfe8 14. Nf5 Bf8 15. Rfd1 Re6 16. h3 Bxf5 17. Qxf5 Rae8 18. R4d2 a5 19. h4 Nc5 20. Qf4 Qb6 21. Qd4 Qb4 22.
Nb1 Rxe2 23. Bc3 Qb6 24. Rxe2 Rxe2 25. Bf3 Rxa2 26. Qe3 Qxb3 27. Nd2 Qa3 28. Nb1 Qb3 29. Nd2 Qa3 30. Nb1 Qb3 1/2-1/2

[Event "*** Titled Tuesday Blitz"]
[Site "Chess.com"]
[Date "2021.04.20"]
[Round "4"]
[White "Promacherr"]
[Black "mjray79"]
[Result "1/2-1/2"]
[WhiteElo "2609"]
[BlackElo "2438"]
[TimeControl "180+1"]
[EndTime "10:37:12 PDT"]
[Termination "Game drawn by repetition"]

1. e4 e5 2. Nf3 Nc6 3. Bc4 Bc5 4. c3 Nf6 5. d3 O-O 6. h3 d5 7. exd5 Nxd5 8. O-O Kh8 9. a4 a5 10. Re1 f6 11.
Nbd2 Be6 12. Ne4 Be7 13. Qb3 Bf7 14. Bd2 Bg8 15. Rad1 Nb6 16. Bxg8 Rxg8 17. Be3 Qd5 18. c4 Qe6 19. Bxb6 cxb6 20. Qxb6 Bb4 21. Re2 Rgd8 22. Qxb7 Rdb8 23. Qc7 Ra7 24. Nd4 exd4 25. Qg3 Rg8 26. Nc3 Qf5 27. Nd5 Ne5 28. Re4 Nxc4 29. Rxd4 Nxb2 30.
Rc1 Nxa4 31. Nf4 Nc5 32. Ng6+ hxg6 33. Rh4+ Qh5 34. Rxh5+ gxh5 35. Qg6 Rd8 36. Qxh5+ Kg8 37. d4 Rxd4 38. Qe8+ Kh7 39. Qh5+ Kg8 40. Qe8+ Kh7 41. g3 a4 42. Qh5+ Kg8 43. Qe8+ Kh7 44. Qb8 Rad7 45. Kg2 a3 46. Qe8 Rd8 47. Qh5+ Kg8 48. Rc2 Rd2 49.
Rxd2 Rxd2 50. Qe8+ Kh7 51. Qh5+ Kg8 52. Qe8+ Kh7 53.
Qh5+ Kg8 1/2-1/2

[Event "*** Titled Tuesday Blitz"]
[Site "Chess.com"]
[Date "2021.04.20"]
[Round "4"]
[White "LittleMyMoomin"]
[Black "KarateBaby"]
[Result "0-1"]
[WhiteElo "1900"]
[BlackElo "2209"]
[TimeControl "180+1"]
[EndTime "10:37:13 PDT"]
[Termination "KarateBaby won by resignation"]

1. c4 g6 2. Nc3 Bg7 3. g3 Nf6 4. Bg2 O-O 5. e4 d6 6. d4 Nc6 7. Nge2 e5 8. O-O Nxd4 9. Nxd4 exd4 10. Qxd4 Re8 11. Qd3 Nd7 12. Be3 a5 13. Rad1 b6 14. Bd4 Ne5 15. Bxe5 Bxe5 16. f4 Bg7 17. e5 Bf5 18.
Qf3 Rb8 19. exd6 cxd6 20. b3 Qc8 21. Nd5 Bg4 22. Qd3 Bxd1 23. Rxd1 Qc5+ 24. Kh1 Qf2 25. Rf1 Re1 26. Rxe1 Qxe1+ 27. Bf1 Re8 28. Kg2 h5 29. f5 Qe5 30. fxg6 fxg6 31. Qxg6 Qe4+ 32.
Kh3 Qxg6 0-1

[Event "*** Titled Tuesday Blitz"]
[Site "Chess.com"]
[Date "2021.04.20"]
[Round "4"]
[White "PavelShkapenko"]
[Black "guillembaches"]
[Result "1-0"]
[WhiteElo "2716"]
[BlackElo "2507"]
[TimeControl "180+1"]
[EndTime "10:37:14 PDT"]
[Termination "PavelShkapenko won on time"]

1. e4 c5 2. c3 d5 3. exd5 Qxd5 4. Nf3 Nc6 5. d4 Bg4 6. Be2 cxd4 7. cxd4 e6 8. O-O Qa5 9. h3 Bh5 10. Nc3 Bb4 11.
Be3 Nge7 12. Qb3 O-O 13. a3 Bxc3 14. bxc3 Qc7 15. Rac1 Rfd8 16. Rfd1 Rac8 17. g4 Bg6 18. c4 b6 19. d5 Na5 20. Qb4 exd5 21. cxd5 Qd6 22. Qxd6 Rxd6 23. Rxc8+ Nxc8 24. Bf4 Rd7 25. Bb5 Rd8 26. Bc7 Rf8 27. d6 Nxd6 28. Rxd6 h5 29. Ne5 Be4 30. gxh5 Nb7 31. Rd4 f5 32. Ng6 Rf6 33.
Be5 1-0

[Event "*** Titled Tuesday Blitz"]
[Site "Chess.com"]
[Date "2021.04.20"]
[Round "4"]
[White "sakkikuska"]
[Black "Iskusnyh"]
[Result "1/2-1/2"]
[WhiteElo "2481"]
[BlackElo "2632"]
[TimeControl "180+1"]
[EndTime "10:37:14 PDT"]
[Termination "Game drawn by repetition"]

1. e4 c5 2. Nf3 d6 3. d4 cxd4 4. Nxd4 Nf6 5. f3 e5 6. Nb3 Be7 7. c4 O-O 8. Nc3 a5 9. Be3 a4 10. Nd2 Qa5 11. Bd3 a3 12. Nb3 Qb4 13. Qd2 axb2 14.
Qxb2 Qa3 15. Qxa3 Rxa3 16. O-O Nc6 17. Nb5 Ra4 18. Rfd1 Be6 19. Be2 Rd8 20. Nc3 Raa8 21. Nd5 Bxd5 22. cxd5 Nb4 23. Rd2 Rdc8 24. Bb6 Nd7 25.
Bf2 Bg5 26. Rb2 Nc2 27. Rd1 Be3 28. Bxe3 Nxe3 29. Rdb1 h5 30. Bd3 Nc4 31. Bxc4 Rxc4 32. Nd2 Rca4 33. Rxb7 Nc5 34. Rb8+ Kh7 35. Rxa8 Rxa8 36.
Nc4 Rxa2 37. Nxd6 Nd3 38. Nf5 Nf4 39. g3 Nh3+ 40. Kh1 Nf2+ 41. Kg1 Nh3+ 42. Kh1 Nf2+ 43. Kg1 Nh3+ 1/2-1/2

[Event "*** Titled Tuesday Blitz"]
[Site "Chess.com"]
[Date "2021.04.20"]
[Round "4"]
[White "lacafi"]
[Black "ChelsieMonica"]
[Result "0-1"]
[WhiteElo "2207"]
[BlackElo "2407"]
[TimeControl "180+1"]
[EndTime "10:37:16 PDT"]
[Termination "ChelsieMonica won on time"]

1. d4 d6 2. Nf3 c6 3. c4 Nf6 4. Nc3 g6 5. e4 Bg7 6. Be2 O-O 7.
O-O Na6 8. a3 Nc7 9. b4 a5 10. Bb2 axb4 11. axb4 Rxa1 12. Qxa1 Bg4 13. Rd1 Bxf3 14. Bxf3 Qa8 15. Kf1 Qxa1 16. Rxa1 Ra8 17. Ke2 Rxa1 18. Bxa1 Nd7 19. Kd3 c5 20. bxc5 dxc5 21.
Nb5 Nxb5 22. cxb5 b6 23. Bg4 e6 24. Be2 h5 25. Kc4 Kf8 26. Bc3 cxd4 27. Bxd4 Bxd4 28. Kxd4 Ke7 29. g3 Kd6 30. f4 e5+ 31. Ke3 Nc5 32. Bc4 Ne6 33. f5 Nd8 34. fxg6 fxg6 35. h4 Ke7 36.
Bd5 Kf6 37. Kf3 Ne6 38. Bxe6 Kxe6 39. Ke3 Kd6 40. Kd3 Kc5 41. Kc3 Kxb5 42. Kb3 Kc5 43. Kc3 b5 44. Kb3 b4 0-1

[Event "*** Titled Tuesday Blitz"]
[Site "Chess.com"]
[Date "2021.04.20"]
[Round "4"]
[White "ckgchess"]
[Black "MalyDominator"]
[Result "1-0"]
[WhiteElo "2693"]
[BlackElo "2453"]
[TimeControl "180+1"]
[EndTime "10:37:17 PDT"]
[Termination "ckgchess won by resignation"]

1. e4 c5 2. c3 Nf6 3. e5 Nd5 4. d4 cxd4 5. Nf3 Nc6 6. cxd4 d6 7. Bc4 e6 8. O-O Be7 9. Qe2 O-O 10. a3 a6 11. Rd1 b6 12. Nc3 Nxc3 13. bxc3 dxe5 14. d5 exd5 15. Bxd5 Qc7 16. Nxe5 Nxe5 17. Bf4 Bg4 18.
Qxg4 Nxg4 19. Bxc7 Rac8 20. Bxb6 Rxc3 21. a4 Bc5 22. Bxc5 Rxc5 23. Rac1 Rxc1 24. Rxc1 g6 25. h3 Nf6 26. Bb7 a5 27. Rc5 Rb8 28. Bf3 Rb1+ 29.
Kh2 Rb2 30. Kg3 Rb4 31. Rxa5 Ne4+ 32. Kh2 Nxf2 33. Ra8+ Kg7 34. a5 Ra4 35. a6 Nd3 36. a7 Ne5 37. Bd1 Ra5 38. Re8 1-0

[Event "*** Titled Tuesday Blitz"]
[Site "Chess.com"]
[Date "2021.04.20"]
[Round "4"]
[White "volunteers1998"]
[Black "volkanyirik"]
[Result "0-1"]
[WhiteElo "2178"]
[BlackElo "2404"]
[TimeControl "180+1"]
[EndTime "10:37:17 PDT"]
[Termination "volkanyirik won by resignation"]

1. e4 c5 2. Nf3 d6 3. d4 cxd4 4. Nxd4 Nf6 5. Nc3 e6 6. Be3 a6 7.
Bc4 b5 8. Bb3 Be7 9. O-O O-O 10.
f4 b4 11. Nce2 Nxe4 12. f5 d5 13. fxe6 Bxe6 14. Nxe6 fxe6 15. Rxf8+ Bxf8 16. Nf4 Bc5 17. Bxc5 Nxc5 18. Qd4 Nxb3 19. axb3 Nc6 20. Qc5 Qd7 21. Re1 Re8 22. Nd3 a5 23. Ne5 Nxe5 24. Rxe5 Qd8 25. h3 Qf6 26. Qc6 Re7 27. Re2 h6 28. Qc5 Kh7 29.
Qxa5 Qd4+ 30. Kh2 Qf4+ 31. Kg1 Qd4+ 32. Kh2 e5 33. Qd8 Rf7 34. Qe8 Qf4+ 35. g3 Qf1 36. Qxe5 Rf2+ 37. Rxf2 Qxf2+ 38. Kh1 Qxc2 39. Qxd5 Qb1+ 40.
Kg2 Qxb2+ 41. Kf3 Qc3+ 42. Kg2 Qc2+ 43. Kf1 Qg6 44. Kf2 Qc2+ 45. Kf1 Qc1+ 46. Kf2 Qb1 47.
Kf3 Qh1+ 0-1

[Event "*** Titled Tuesday Blitz"]
[Site "Chess.com"]
[Date "2021.04.20"]
[Round "4"]
[White "Kapibara_Warri0r"]
[Black "Rondo_Capriccioso"]
[Result "0-1"]
[WhiteElo "2223"]
[BlackElo "2431"]
[TimeControl "180+1"]
[EndTime "10:37:17 PDT"]
[Termination "Rondo_Capriccioso won on time"]

1. d4 Nf6 2. c4 e6 3. Nc3 Bb4 4. e3 O-O 5. Bd2 b6 6. a3 Be7 7. d5 exd5 8. cxd5 Bb7 9. e4 c6 10.
Bc4 Nxe4 11. dxc6 Bxc6 12. Nxe4 Bxe4 13. Qg4 Bg6 14. h4 d5 15. h5 Be4 16. h6 g6 17. Ba2 Bf6 18. Ne2 Nd7 19. Bc3 Ne5 20.
Qg3 Nd3+ 21. Kf1 Nxb2 22. Re1 Rc8 23. Bd4 Bxd4 24. Nxd4 Qf6 25. Nf3 Nd3 26. Rd1 Rc2 27.
Bb1 Rxf2+ 28. Qxf2 Nxf2 29. Kxf2 Rc8 30. Rc1 Qe6 0-1

[Event "*** Titled Tuesday Blitz"]
[Site "Chess.com"]
[Date "2021.04.20"]
[Round "4"]
[White "Sergey85Rodchenkov"]
[Black "superchess02"]
[Result "0-1"]
[WhiteElo "2508"]
[BlackElo "2738"]
[TimeControl "180+1"]
[EndTime "10:37:18 PDT"]
[Termination "superchess02 won by resignation"]

1. e4 c5 2. Nf3 d6 3. d4 cxd4 4. Nxd4 Nf6 5. Nc3 a6 6. Bc4 e6 7. Bb3 b5 8. O-O Bb7 9. f4 Nbd7 10.
Be3 Rc8 11. f5 e5 12. Nde2 h5 13. Nd5 Nxe4 14. a4 b4 15. a5 Nec5 16. Nxb4 Nxb3 17. cxb3 Nf6 18. Nc3 d5 19. Bb6 Qd6 20. Nd3 Be7 21.
Qe2 e4 22. Nf4 d4 23. Rad1 d3 24. Qe3 O-O 25. Qh3 Qe5 26. Nxh5 Nxh5 27. Qxh5 Rfd8 28. Be3 Bc5 29. Qh3 Bxe3+ 30. Qxe3 Qxa5 31. f6 Qc5 32. Kf2 gxf6 33. Qxc5 Rxc5 34. Ke3 f5 35. b4 Re5 36.
Rf4 Kg7 37. Rdf1 Kg6 38. g4 Bc8 39. gxf5+ Bxf5 40. Rg1+ Kf6 41. Rgf1 Ke6 42. Ra1 Rd6 43. b5 axb5 44. Nxb5 Rxb5 0-1

[Event "*** Titled Tuesday Blitz"]
[Site "Chess.com"]
[Date "2021.04.20"]
[Round "4"]
[White "Aslanov_Umid"]
[Black "Andrakhanova"]
[Result "1/2-1/2"]
[WhiteElo "2454"]
[BlackElo "2317"]
[TimeControl "180+1"]
[EndTime "10:37:18 PDT"]
[Termination "Game drawn by repetition"]

1. e4 c5 2. Nf3 e6 3. d4 cxd4 4. Nxd4 Nf6 5. Nc3 Nc6 6. Ndb5 d6 7. Bf4 e5 8. Bg5 a6 9. Na3 b5 10. Nd5 Be7 11. Bxf6 Bxf6 12. c3 O-O 13. Nc2 Bg5 14. h4 Bh6 15. a4 bxa4 16. Rxa4 a5 17. Bc4 Rb8 18. b3 Kh8 19. Nce3 Bxe3 20. Nxe3 f5 21.
exf5 Bxf5 22. Nxf5 Rxf5 23. Bd3 Rf6 24. Qg4 Qb6 25. O-O Rbf8 26. Qe4 g6 27. Rc4 Rxf2 28. Rxf2 Qxf2+ 29. Kh2 Rf4 30. Qxc6 Qxh4+ 31. Kg1 Qf2+ 32. Kh2 Qh4+ 33. Kg1 Qf2+ 34. Kh2 Qh4+ 1/2-1/2

[Event "*** Titled Tuesday Blitz"]
[Site "Chess.com"]
[Date "2021.04.20"]
[Round "4"]
[White "dretch"]
[Black "Tomekas1"]
[Result "1-0"]
[WhiteElo "2773"]
[BlackElo "2463"]
[TimeControl "180+1"]
[EndTime "10:37:19 PDT"]
[Termination "dretch won by resignation"]

1. d3 d5 2. Nd2 e5 3. Ngf3 Nc6 4. g3 Nf6 5. Bg2 Bg4 6. h3 Bxf3 7. Nxf3 e4 8. Nh4 Bc5 9. O-O h6 10. Nf5 O-O 11.
d4 Bd6 12. c4 dxc4 13. Qc2 Ne7 14. Ne3 c5 15. Rd1 cxd4 16. Rxd4 Qb6 17. Rxc4 Rac8 18.
Bd2 Bc5 19. Rc1 Bxe3 20. Bxe3 Rxc4 21. Qxc4 Qxb2 22. Bd4 Qd2 23. Qc3 Qxc3 24. Rxc3 Ned5 25. Rc5 b6 26. Rc6 Rd8 27. e3 Kf8 28. Bf1 Ke7 29. a3 Rd6 30. Rc8 Rd8 31. Rc6 Rd7 32. Rc8 Rc7 33. Ra8 g5 34. Bb5 Nd7 35. Rh8 Nc3 36. Ba6 Ne2+ 37. Bxe2 Rc1+ 38. Kg2 Rc6 39. Bb5 Rd6 40.
Bxd7 Kxd7 41. Rf8 Ke7 42. Ra8 Rd7 43. Rb8 Rc7 44. Be5 Rd7 45. Bg7 Ke6 46. Bxh6 1-0